[Event "Rapid Tournament (RAP)"]
[Site "Biel, Switzerland"]
[Date "2026.07.12"]
[Round "6.39"]
[White "Arntz, Christoph"]
[Black "Klopfenstein, Francois"]
[Result "1-0"]
[TimeControl "15 + 5"]
[WhiteTitle "-"]
[BlackTitle "-"]
[WhiteFideId "16257723"]
[BlackFideId "1303040"]
[WhiteElo "1999"]
[BlackElo "1815"]

1. f4 c5 2. Nf3 d5 3. e3 Nc6 4. d4 cxd4 5. exd4 Bg4 6. c3 e6 7. Bd3 Be7 8. O-O Nf6 9. Nbd2 O-O 10.
Qe1 Ne8 11. Ne5 Nxe5 12. fxe5 Bh4 13. g3 Bg5 14. Nf3 Bxc1 15. Qxc1 f5 16. exf6 Nxf6 17. Ne5 Qe7 18. Qc2 Bh3 19.
Rf2 Ne4 20. Bxe4 Rxf2 21. Bxh7+ Kh8 22. Kxf2 Rf8+ 23. Kg1 Qf6 24. Ng6+ Kxh7 25. Nxf8+ Kg8 26. Nd7 Qf3 27. Qf2 1-0

[Event "Rapid Tournament (RAP)"]
[Site "Biel, Switzerland"]
[Date "2026.07.12"]
[Round "6.40"]
[White "Schwab, Felix"]
[Black "Gast, Michael"]
[Result "1-0"]
[TimeControl "15 + 5"]
[WhiteTitle "-"]
[BlackTitle "-"]
[WhiteFideId "1311450"]
[BlackFideId "1373196"]
[WhiteElo "1945"]
[BlackElo "1682"]

1. e4 d6 2. d4 Nf6 3. Nc3 g6 4. Be3 Bg7 5. Qd2 c5 6. dxc5 Ng4 7. cxd6 Nxe3 8.
Bb5+ Bd7 9. Bxd7+ Qxd7 10. Qxe3 Qxd6 11. Nge2 O-O 12. O-O Na6 13. Rfd1 Qc5 14. Qxc5 Nxc5 15. Rd5 Rac8 16. Rad1 b6 17.
f4 f5 18. e5 Ne4 19. Nxe4 fxe4 20. c3 Rc5 21. Kf2 Bxe5 22. Rxc5 bxc5 23. Ke3 Bd6 24. Kxe4 a5 25. a4 g5 26.
f5 h5 27. Ng3 h4 28. Nf1 Rb8 29. Rd2 Bf4 30. Re2 Bc1 31. Kd5 Rxb2 32. Rxb2 Bxb2 33. c4 Ba3 34. Ke6 Kf8 35. Ne3 Bb2 36.
Nd5 g4 37. Nxe7 h3 38. gxh3 gxh3 39. f6 Bd4 40. Ng6+ 1-0

[Event "Rapid Tournament (RAP)"]
[Site "Biel, Switzerland"]
[Date "2026.07.12"]
[Round "6.41"]
[White "Ranieri, Pierpaolo"]
[Black "Papageorgiou Martinella, Ilios"]
[Result "1-0"]
[TimeControl "15 + 5"]
[WhiteTitle "-"]
[BlackTitle "-"]
[WhiteFideId "893986"]
[BlackFideId "1368494"]
[WhiteElo "1891"]
[BlackElo "1809"]

1. d4 Nf6 2. c4 e6 3. Nf3 Bb4+ 4. Bd2 Qe7 5. a3 Bxd2+ 6.
Qxd2 b6 7. Nc3 Bb7 8. g3 d5 9. cxd5 exd5 10. Bg2 Nbd7 11. O-O O-O 12. Rac1 c5 13. Rfe1 Ne4 14. Qc2 Ndf6 15. Nxe4 Nxe4 16.
Nd2 cxd4 17. Qd3 Qe5 18. Nf3 Qf6 19. Qxd4 Qxd4 20. Nxd4 Rac8 21. Nb5 f5 22. Nxa7 Rc5 23. Rxc5 bxc5 24.
Nb5 Rf6 25. Rc1 Rc6 26. Nc3 Rc7 27. Nb5 Rc6 28. a4 g6 29. e3 c4 30. Bxe4 fxe4 31. Rd1 Rb6 32. Rd2 Kf7 33. Nc7 h6 34.
a5 Rc6 35. Nb5 Ra6 36. Rd1 Bc6 37. Nd4 Ba4 38. Ra1 Rxa5 39. b3 cxb3 40. Nxb3 Ra8 41. Nd4 Bd7 42. Rxa8 1-0

[Event "Rapid Tournament (RAP)"]
[Site "Biel, Switzerland"]
[Date "2026.07.12"]
[Round "6.42"]
[White "Berger, Vincent"]
[Black "Cousin, Ismael"]
[Result "1-0"]
[TimeControl "15 + 5"]
[WhiteTitle "-"]
[BlackTitle "-"]
[WhiteFideId "1317822"]
[BlackFideId "1364561"]
[WhiteElo "1877"]
[BlackElo "1588"]

1. Nf3 b6 2. e3 Bb7 3. b3 Nf6 4. Bb2 e6 5. Be2 Be7 6. O-O O-O 7. d3 d6 8. Nbd2 Nbd7 9. Re1 Re8 10.
c4 c5 11. Rc1 Rc8 12. Nf1 Nf8 13. Ng3 Ng6 14. Qc2 d5 15. Qb1 Nd7 16. Qa1 Bf6 17. d4 cxd4 18. exd4 Be7 19. a3 Nf4 20.
Ne5 Nxe5 21. dxe5 Nxe2+ 22. Nxe2 dxc4 23. Red1 Qc7 24. Rxc4 Qb8 25. Rdc1 Rxc4 26. Rxc4 Ba6 27. Re4 Qb7 28.
Ng3 Rd8 29. Re1 Qd5 30. b4 Qd2 31. Qc1 Bg5 32. Qxd2 Rxd2 33. Bc1 Ra2 34. Bxg5 Rxa3 35. Rd1 h6 36. Be7 Kh7 37. Ne4 Be2 38.
Rc1 Bd3 39. Nd6 Bg6 40. h3 Ra4 41. Nc8 Ra2 42. Rc7 a5 43. bxa5 bxa5 44. Ra7 Rc2 45. Nb6 Rc6 46. Na4 Rc1+ 47.
Kh2 Ra1 48. Nc5 Ra2 49. Kg3 Ra3+ 50. f3 Ra2 51. Bd8 h5 52. h4 Rc2 53. Rxa5 Rd2 54. Bc7 Rc2 55. Bd6 Kh6 56. Ra4 Rd2 57.
Ne4 Rd3 58. Nf2 Rd2 59. Nh3 Bc2 60. Ra2 1-0

[Event "Rapid Tournament (RAP)"]
[Site "Biel, Switzerland"]
[Date "2026.07.12"]
[Round "6.43"]
[White "Schaller, Didier"]
[Black "Bonanomi, Silvan"]
[Result "0-1"]
[TimeControl "15 + 5"]
[WhiteTitle "-"]
[BlackTitle "-"]
[WhiteFideId "1314351"]
[BlackFideId "1352644"]
[WhiteElo "1816"]
[BlackElo "1867"]

1. d4 Nf6 2. c4 e6 3.
Nc3 Bb4 4. Nf3 c5 5. e3 O-O 6. Bd3 d5 7. Qc2 Nc6 8. dxc5 Bxc5 9. cxd5 exd5 10. O-O Bg4 11. Be2 Rc8 12. a3 Re8 13.
Rd1 a5 14. Qd2 Ne7 15. Nd4 Qd7 16. Bxg4 Qxg4 17. h3 Qg6 18. Qe2 Ne4 19. Nxe4 dxe4 20. Bd2 b6 21. Bc3 Qg5 22. Rac1 Ng6 23. Qg4 Qxg4 24. hxg4 Ne5 25.
Nf5 Nd3 0-1

[Event "Rapid Tournament (RAP)"]
[Site "Biel, Switzerland"]
[Date "2026.07.12"]
[Round "6.44"]
[White "Koehler, Noe"]
[Black "Tan, Jimmy"]
[Result "0-1"]
[TimeControl "15 + 5"]
[WhiteTitle "-"]
[BlackTitle "-"]
[WhiteFideId "1362488"]
[BlackFideId "129057499"]
[WhiteElo "1814"]
[BlackElo "1845"]

1. e4 c6 2. d4 d5 3. Nc3 dxe4 4. Nxe4 Nf6 5. Nxf6+ exf6 6. c3 Bd6 7. Bd3 O-O 8. Qc2 Re8+ 9. Ne2 h6 10. Be3 Nd7 11. O-O Nf8 12. Rfe1 Qc7 13. Ng3 Be6 14. c4 Rad8 15. Rad1 Bg4 16.
Rc1 Bf4 17. Qd2 Bxe3 18. Rxe3 Rxe3 19. Qxe3 Qd6 20. d5 cxd5 21. cxd5 Qxd5 22. Bc4 Qd2 23. Qxd2 Rxd2 24. h3 Be6 25. Nf1 Rxb2 26. Bd3 Rxa2 27.
Rc7 Rb2 28. Ne3 g6 29. Nc4 Rb3 30. Bf1 Rb1 31. Nd6 a5 32. Nxb7 a4 33. Nc5 Bc4 34. Nxa4 Rxf1+ 35. Kh2 Be6 36. Kg3 Kg7 37. Nb6 Rb1 38. Na4 Nd7 39. Rc3 Rb3 0-1

[Event "Rapid Tournament (RAP)"]
[Site "Biel, Switzerland"]
[Date "2026.07.12"]
[Round "6.45"]
[White "Schmied, Stefan"]
[Black "Filimonov, Arsenii"]
[Result "1/2-1/2"]
[TimeControl "15 + 5"]
[WhiteTitle "-"]
[BlackTitle "-"]
[WhiteFideId "1335804"]
[BlackFideId "34171584"]
[WhiteElo "1778"]
[BlackElo "1843"]

1. e4 c6 2. d4 d5 3. exd5 cxd5 4. Bd3 Nc6 5. c3 Nf6 6. Bf4 g6 7. Nf3 Bg7 8. Nbd2 Nh5 9. Bg3 Nxg3 10. hxg3 Qb6 11. Qb3 Qxb3 12. axb3 Bf5 13. Bxf5 gxf5 14. b4 b6 15. Ke2 h6 16. Ra6 Kd7 17.
Rha1 Kc7 18. b5 Na5 19. b4 Nb7 20. Rxa7 Rxa7 21. Rxa7 Kb8 22. Ra6 Kc7 23. Ne5 Bxe5 24. dxe5 Rb8 25. Nf3 Nd8 26. Nd4 e6 27. Kf3 Kb7 28. Ra1 Rc8 29. Ne2 Rc4 30. Rh1 d4 31. cxd4 Rxb4 32. Rxh6 Rxb5 1/2-1/2

[Event "Rapid Tournament (RAP)"]
[Site "Biel, Switzerland"]
[Date "2026.07.12"]
[Round "6.46"]
[White "Brixius, Dirk"]
[Black "Huang, Hsuan-Chen"]
[Result "0-1"]
[TimeControl "15 + 5"]
[WhiteTitle "-"]
[BlackTitle "-"]
[WhiteFideId "12909734"]
[BlackFideId "16303121"]
[WhiteElo "1821"]
[BlackElo "1648"]

1. c4 Nf6 2. Nc3 e6 3. d4 Bb4 4.
a3 Bxc3+ 5. bxc3 Ne4 6.
Qd3 f5 7. g3 b6 8. f3 Nd6 9. Nh3 Ba6 10. Bg5 Qc8 11. e4 Bxc4 12. Qe3 Qa6 13. exf5 Nxf5 14. Bxc4 Qxc4 15. Qd2 Nc6 16.
Kf2 O-O 17. Rhe1 Rae8 18. Bf4 d6 19. Re4 e5 20. dxe5 Qc5+ 21. Be3 Nxe3 22. Qxe3 Qxe3+ 23. Kxe3 Nxe5 24. Rf1 d5 25. Rf4 Ng6+ 26. Kd4 Nxf4 27.
Nxf4 Rf5 28. Nd3 c5+ 29. Nxc5 bxc5+ 30. Kxc5 Rc8+ 31. Kd4 Rc4+ 32. Kd3 Rf6 33. Rf2 Rfc6 34. Rc2 d4 35. Ke4 Rxc3 36. Rb2 d3 37. Rb8+ Kf7 38. Rd8 Re6+ 39. Kf5 Rc5+ 40.
Kg4 h5+ 41. Kh4 Rc4+ 42. f4 Rc3 43. Rd7+ Re7 44. Rd5 Rxa3 45. Rxh5 Ra2 46. Rf5+ Kg6 47. Kg4 Rd7 48. h4 d2 49. Rg5+ Kf7 50. Rf5+ Kg8 0-1

[Event "Rapid Tournament (RAP)"]
[Site "Biel, Switzerland"]
[Date "2026.07.12"]
[Round "6.47"]
[White "Creux, Francois"]
[Black "Piazza, Carlo"]
[Result "0-1"]
[TimeControl "15 + 5"]
[WhiteTitle "-"]
[BlackTitle "-"]
[WhiteFideId "1357743"]
[BlackFideId "809683"]
[WhiteElo "1668"]
[BlackElo "2076"]

1. e4 c5 2. g3 Nc6 3. Bg2 g6 4. c3 Bg7 5. Ne2 e6 6. d4 cxd4 7. cxd4 d5 8. e5 Nge7 9. Nbc3 a6 10.
Bg5 h6 11. Be3 Nf5 12. O-O Bd7 13. Qd2 Na5 14. b3 Rc8 15. Rac1 b5 16. Nf4 Nc6 17. Nce2 Nce7 18. g4 Nxe3 19.
fxe3 Rxc1 20. Rxc1 Nc6 21. h3 O-O 22. e4 dxe4 23. Bxe4 Qb6 24. Kg2 Rd8 25. Qc3 Be8 26. Bxc6 Rc8 27.
d5 g5 28. Nh5 exd5 29. Nxg7 Rxc6 30. Qd2 Rxc1 31. Nxc1 Kxg7 32. Kg3 Qg1+ 33. Kf3 Bc6 34.
Ke2 b4 35. Qe3 Bb5+ 36. Kd2 Qh2+ 37. Ne2 d4 38. Qf3 Qxe5 39. Ng3 d3 40. Nf5+ Kg6 41. Ng3 Qb2+ 42. Ke3 Qe5+ 43. Kd2 Qc3+ 44.
Kd1 Qc2+ 45. Ke1 0-1

[Event "Rapid Tournament (RAP)"]
[Site "Biel, Switzerland"]
[Date "2026.07.12"]
[Round "6.48"]
[White "Schneggenburger, Miguel"]
[Black "Javet, Blaise"]
[Result "1/2-1/2"]
[TimeControl "15 + 5"]
[WhiteTitle "-"]
[BlackTitle "-"]
[WhiteFideId "1361279"]
[BlackFideId "1305026"]
[WhiteElo "1742"]
[BlackElo "1980"]

1. d4 Nf6 2. c4 g6 3. Nf3 Bg7 4. g3 d6 5. Bg2 O-O 6. O-O c6 7. Nc3 Nbd7 8. Qc2 e5 9. Bg5 Qc7 10. Rac1 Re8 11. dxe5 dxe5 12.
e4 Nc5 13. Be3 Ne6 14. Rfd1 Ng4 15. Bd2 Qb6 16. Be1 Nd4 17. Nxd4 exd4 18. Na4 Qc7 19. h3 Ne5 20. f4 Nd7 21.
b4 Nb6 22. Bf2 Rd8 23. e5 Bf5 24. Qb3 d3 25. g4 Be6 26. Nb2 h5 27. Rxd3 hxg4 28. hxg4 Bxg4 29. a4 Bf5 30. Rxd8+ Rxd8 31.
Rd1 Rd7 32. Rxd7 Qxd7 33. a5 Nc8 34. Qd1 a6 35. Qxd7 Bxd7 36. Nd3 Ne7 37. Be4 Nf5 38. Nc5 Bc8 39. Bxf5 gxf5 40. Kg2 Kf8 41. Kg3 Ke8 42. Bd4 Bf8 43.
Kh4 Be7+ 44. Kh5 Kf8 45. Bf2 Kg7 46. Bd4 Kf8 47. Bf2 Bxc5 48. Kh6 Ke8 49. Bxc5 Be6 50. Kg7 Bxc4 51. Kf6 Be6 1/2-1/2

[Event "Rapid Tournament (RAP)"]
[Site "Biel, Switzerland"]
[Date "2026.07.12"]
[Round "6.49"]
[White "Liengme, Samuel"]
[Black "Ziegler, Andrin"]
[Result "0-1"]
[TimeControl "15 + 5"]
[WhiteTitle "-"]
[BlackTitle "-"]
[WhiteFideId "1368141"]
[BlackFideId "1364138"]
[WhiteElo "1967"]
[BlackElo "1730"]

1. e4 c6 2. Nc3 d5 3. Nf3 Bg4 4. exd5 cxd5 5. d4 Nc6 6. Bf4 a6 7. Be2 e6 8. O-O Bd6 9. Bxd6 Qxd6 10.
Re1 Nge7 11. h3 Bxf3 12. Bxf3 O-O 13. a3 Nf5 14. Ne2 Rac8 15. c3 b5 16. a4 b4 17. Qd3 bxc3 18. bxc3 Na5 19.
Ng3 Nxg3 20. fxg3 Nc4 21. Be2 Rb8 22. Reb1 Rxb1+ 23. Rxb1 Rb8 24. Kh2 g6 25. Rf1 Rb2 26. Qf3 f5 27.
Bxc4 dxc4 28. Qa8+ Rb8 29. Qxa6 Qxa6 0-1

[Event "Rapid Tournament (RAP)"]
[Site "Biel, Switzerland"]
[Date "2026.07.12"]
[Round "6.50"]
[White "Chu, Wa Ching David"]
[Black "Tcheau, Alain"]
[Result "1-0"]
[TimeControl "15 + 5"]
[WhiteTitle "-"]
[BlackTitle "-"]
[WhiteFideId "6013180"]
[BlackFideId "1306014"]
[WhiteElo "1723"]
[BlackElo "1932"]

1. d4 c6 2. c4 e6 3. Nc3 d5 4. e4 dxe4 5.
Nxe4 Nf6 6. Nxf6+ Qxf6 7. Nf3 Qd8 8.
Bd3 Nd7 9. O-O Nf6 10. Bg5 Be7 11.
Bc2 O-O 12. Qd3 g6 13. Rfe1 Re8 14. Rad1 Kg7 15. Ne5 Ng8 16. Bf4 Bf6 17. Qh3 Bxe5 18. dxe5 Qe7 19. Qe3 h6 20. Bg3 b6 21.
Rd6 Bb7 22. Red1 Red8 23. Qd4 c5 24. Qd3 Rxd6 25. exd6 Qd7 26. h4 h5 27. Be5+ Kf8 28. Ba4 Qxa4 29. d7 Rd8 30. Qd6+ Ne7 31.
Bf6 Rxd7 32. Qxd7 Nc6 33. b3 Ke8 34. Qd6 1-0

[Event "Rapid Tournament (RAP)"]
[Site "Biel, Switzerland"]
[Date "2026.07.12"]
[Round "6.51"]
[White "Huettinger, Jonathan"]
[Black "Lopez, Manuel"]
[Result "0-1"]
[TimeControl "15 + 5"]
[WhiteTitle "-"]
[BlackTitle "-"]
[WhiteFideId "1366750"]
[BlackFideId "1306324"]
[WhiteElo "1704"]
[BlackElo "1916"]

1. e4 e6 2. d4 d5 3. exd5 exd5 4.
Nf3 Nf6 5. Bd3 Bd6 6. O-O O-O 7. h3 h6 8. Re1 Re8 9. c3 Rxe1+ 10. Qxe1 c6 11. Nbd2 Nbd7 12. Nf1 Nf8 13. Be3 a5 14.
Qd2 Ne4 15. Qc1 Bf5 16. N3d2 Bh7 17. Nxe4 dxe4 18. Bc2 Qh4 19. Qe1 Re8 20. Ng3 f5 21. Bd2 Nd7 22. c4 Nf6 23. Nf1 f4 24.
Bc3 f3 25. d5 fxg2 26. Ng3 Qxh3 27. Bxf6 gxf6 28. dxc6 bxc6 29. c5 Bxg3 30. fxg3 Qh1+ 31. Kf2 e3+ 32. Kf3 g1=Q+ 33. Kg4 h5+ 34. Kf4 Qe4+ 35. Kg5 Qeh1+ 36. Kf4 Re4+ 0-1

[Event "Rapid Tournament (RAP)"]
[Site "Biel, Switzerland"]
[Date "2026.07.12"]
[Round "6.52"]
[White "Ghosh, David"]
[Black "Alsaqer, Meshal"]
[Result "0-1"]
[TimeControl "15 + 5"]
[WhiteTitle "-"]
[BlackTitle "-"]
[WhiteFideId "1366718"]
[BlackFideId "10301771"]
[WhiteElo "1685"]
[BlackElo "1903"]

1. e4 e6 2. d4 d5 3. e5 c5 4. c3 Qb6 5. Nf3 Bd7 6. Bd3 Bb5 7. Bc2 Ba6 8. Nbd2 Nc6 9. Nb3 cxd4 10.
cxd4 Nge7 11. h4 Rc8 12. Ng5 h6 13. Nf3 g6 14. g4 h5 15. gxh5 Rxh5 16. Ng5 Nb4 17. Bb1 Nf5 18. Bxf5 exf5 19.
Kd2 Nc2 20. Rb1 Bb4# 0-1

[Event "Rapid Tournament (RAP)"]
[Site "Biel, Switzerland"]
[Date "2026.07.12"]
[Round "6.54"]
[White "Varela Tavares, Goncalo"]
[Black "Boner, Timm"]
[Result "1-0"]
[TimeControl "15 + 5"]
[WhiteTitle "-"]
[BlackTitle "-"]
[WhiteFideId "1344773"]
[BlackFideId "1330039"]
[WhiteElo "1880"]
[BlackElo "1720"]

1. Nf3 Nc6 2. b3 Nf6 3. Bb2 e6 4. d4 d5 5. e3 Bd6 6. Nbd2 O-O 7. Bd3 Nb4 8. O-O Nxd3 9. cxd3 Re8 10.
Ne5 Nd7 11. f4 f6 12. Nef3 b6 13. Rc1 Ba6 14. Nb1 c5 15. Ba3 e5 16. dxe5 fxe5 17. Ng5 e4 18. Qh5 h6 19. Qf7+ Kh8 20.
Qh5 Qe7 21. Bb2 Bxd3 22. Qxh6+ Kg8 23. Qh5 1-0

[Event "Rapid Tournament (RAP)"]
[Site "Biel, Switzerland"]
[Date "2026.07.12"]
[Round "7.1"]
[White "Bu, Xiangzhi"]
[Black "Alexakis, Dimitris"]
[Result "1-0"]
[TimeControl "15 + 5"]
[WhiteTitle "-"]
[BlackTitle "-"]
[WhiteFideId "8601445"]
[BlackFideId "4277023"]
[WhiteElo "2583"]
[BlackElo "2518"]

1. c4 c5 2. Nf3 Nc6 3. Nc3 Nf6 4. g3 e6 5. Bg2 d5 6. cxd5 exd5 7. d4 cxd4 8. Nxd4 Bc5 9. Nb3 Bb6 10.
Na4 d4 11. Nxb6 axb6 12. Bxc6+ bxc6 13. Qxd4 Qxd4 14. Nxd4 c5 15. Nb5 Kd7 16. f3 Kc6 17. a4 Re8 18. Nc3 Nd5 19. Nxd5 Kxd5 20.
Kf2 Ba6 21. e4+ Kc6 22. Be3 Bd3 23. Rhc1 Kb7 24. Rc3 Red8 25. Raa3 c4 26. b4 Ra6 27. Ra2 Rda8 28. Rca3 b5 29.
a5 Re6 30. Bd4 f6 31. g4 Ka6 32. h4 Rd8 33. Bc3 g6 34. Rd2 Rf8 35. Ra1 f5 36. gxf5 gxf5 37. e5 Rh6 38. Rg1 Rxh4 39. Rg7 Rh2+ 40. Kg3 Rxd2 41. Bxd2 f4+ 42. Bxf4 Bg6 43. e6 c3 44. Be3 Ra8 45. Rc7 c2 46. Kf4 h5 47. Kg5 Bd3 48. e7 1-0

[Event "Rapid Tournament (RAP)"]
[Site "Biel, Switzerland"]
[Date "2026.07.12"]
[Round "7.2"]
[White "Savitha, Shri B"]
[Black "Kozak, Adam"]
[Result "0-1"]
[TimeControl "15 + 5"]
[WhiteTitle "-"]
[BlackTitle "-"]
[WhiteFideId "35061887"]
[BlackFideId "753246"]
[WhiteElo "2317"]
[BlackElo "2592"]

1. e4 e5 2. Nf3 Nc6 3.
Bb5 Nf6 4. O-O Nxe4 5. d4 Nd6 6. dxe5 Nxb5 7. a4 Nbd4 8. Nxd4 d5 9. exd6 Nxd4 10. Qxd4 Qxd6 11. Qe4+ Qe6 12. Qd4 Qd6 13. Qe4+ Qe6 14. Qd4 Qb6 15. Qe4+ Be6 16. a5 Qb4 17. Qf3 a6 18. c3 Qb3 19. Nd2 Qd5 20. Qxd5 Bxd5 21. Re1+ Be6 22. Nf3 O-O-O 23. Nd4 Bc4 24. Bg5 f6 25.
Be3 g6 26. h3 Bd6 27. Bh6 Rhg8 28.
Be3 Rde8 29. Rad1 Re5 30. b4 Rge8 31. Rb1 Re4 32. Nf3 Ba2 33. Rbc1 R4e6 34. Red1 Bc4 35. Rb1 Be2 36. Rd2 Bc4 37.
Rd4 Bb5 38. Rd2 Re4 39. Rdb2 f5 40. Nd2 Rh4 41. Bg5 Rh5 42. Be3 f4 43. Bd4 Bd3 44. Rc1 Re2 45. c4 Bxb4 46. Rxb4 Rxd2 47. Re1 c5 48. Bc3 cxb4 49. Bxd2 b3 50. Bc3 Bxc4 51. Re4 Rc5 52. Rxf4 Bd3 53. Rf8+ Kd7 54. Bf6 Ke6 55. Bh8 Rxa5 56.
Rf6+ Kd5 57. Rf4 Bc4 58. Bc3 Ra2 59. Rd4+ Kc5 60. Rd7 b2 0-1

[Event "Rapid Tournament (RAP)"]
[Site "Biel, Switzerland"]
[Date "2026.07.12"]
[Round "7.3"]
[White "Lu, Miaoyi"]
[Black "Ganguly, Surya Shekhar"]
[Result "0-1"]
[TimeControl "15 + 5"]
[WhiteTitle "-"]
[BlackTitle "-"]
[WhiteFideId "8618020"]
[BlackFideId "5002150"]
[WhiteElo "2309"]
[BlackElo "2545"]

1. e4 c5 2. Nc3 d6 3. Nge2 Nf6 4.
g3 g6 5.
Bg2 Bg7 6. d4 cxd4 7. Nxd4 O-O 8. O-O Nc6 9. h3 Nxe4 10. Nxc6 Nxc3 11. Nxd8 Nxd1 12. Nxb7 Bxb7 13. Bxb7 Rab8 14. Bd5 Bxb2 15. Rb1 Bxc1 16.
Rxb8 Rxb8 17. Rxd1 Ba3 18. Bb3 e6 19. h4 h5 20. Rd4 d5 21. Ra4 Bc5 22. Kg2 Kg7 23. Kf3 Kf6 24. Ra6 Bb6 25.
a4 Rc8 26. Ke2 Rc5 27. Kd3 Ke7 28. c4 Kd6 29. cxd5 exd5 30. a5 Rxa5 31. Rxa5 Bxa5 32. Ba4 Bb6 33. Ke2 a5 34. Be8 Ke6 35. f3 Bc7 36. Kf2 d4 37. g4 Bd8 38.
Kg3 d3 39. Kf2 Bxh4+ 40. Ke3 Bg5+ 41. Kxd3 h4 42. Ke2 Bf4 0-1

[Event "Rapid Tournament (RAP)"]
[Site "Biel, Switzerland"]
[Date "2026.07.12"]
[Round "7.4"]
[White "Aronyak, Ghosh"]
[Black "Arjun, Kalyan"]
[Result "1/2-1/2"]
[TimeControl "15 + 5"]
[WhiteTitle "-"]
[BlackTitle "-"]
[WhiteFideId "25072846"]
[BlackFideId "35018701"]
[WhiteElo "2482"]
[BlackElo "2390"]

1. d4 d5 2. Nf3 Nf6 3. a3 Bf5 4. c4 e6 5. Nc3 c6 6. Bg5 Nbd7 7. e3 h6 8. Bf4 Be7 9. h3 dxc4 10.
Bxc4 Nb6 11. Be2 Nbd5 12. Be5 O-O 13. O-O a5 14.
Rc1 Nxc3 15. Rxc3 a4 16. Nd2 Ne4 17. Nxe4 Bxe4 18. Bd3 Bxd3 19. Qxd3 Ra5 20. Qc2 Bd6 21. Bxd6 Qxd6 22. Rc4 Rfa8 23.
Rc1 Rb5 24. Rb1 Rba5 25. Rd1 Qc7 26. Rc1 Qb6 27. Rb4 Rb5 28. Rxb5 Qxb5 29. Qd2 Ra6 30. Rc5 Qb3 31. Rc3 Qb5 32. Rc5 Qb3 1/2-1/2

[Event "Rapid Tournament (RAP)"]
[Site "Biel, Switzerland"]
[Date "2026.07.12"]
[Round "7.5"]
[White "Balabayeva, Xeniya"]
[Black "Gopal, G.N."]
[Result "1/2-1/2"]
[TimeControl "15 + 5"]
[WhiteTitle "-"]
[BlackTitle "-"]
[WhiteFideId "13719688"]
[BlackFideId "5015693"]
[WhiteElo "2291"]
[BlackElo "2471"]

1. d4 Nf6 2. Nf3 d5 3. Bf4 c5 4. e3 Nc6 5. Nbd2 e6 6. c3 cxd4 7. exd4 Nh5 8.
Be3 Bd6 9. Bb5 Nf4 10. O-O Ng6 11. a4 O-O 12. Re1 Bd7 13. Bd3 Rc8 14. Ng5 h6 15. Ngf3 Nce7 16. Nb3 Nf5 17. Bd2 Qc7 18.
Qe2 Rfe8 19. Ne5 Bxe5 20. dxe5 Qb6 21. Bc2 a5 22.
Ra3 Bc6 23. Bxf5 exf5 24. Be3 Qd8 25. f4 f6 26. exf6 Qxf6 27. Qf2 Re4 28. Nxa5 Rce8 29. Raa1 Qe6 30. Nxc6 Qxc6 31. Bd2 Rxa4 32. Rxa4 Qxa4 33. Rxe8+ Qxe8 34.
Qe3 Qc6 35. Qd4 Qe6 36. Kf2 Nf8 37.
Qb4 Qc6 38. Be3 Ne6 39. Qe7 d4 40. Bxd4 Qe4 1/2-1/2

[Event "Rapid Tournament (RAP)"]
[Site "Biel, Switzerland"]
[Date "2026.07.12"]
[Round "7.6"]
[White "Ghosh, Diptayan"]
[Black "Gloeckler, Christian"]
[Result "1-0"]
[TimeControl "15 + 5"]
[WhiteTitle "-"]
[BlackTitle "-"]
[WhiteFideId "5045207"]
[BlackFideId "34608966"]
[WhiteElo "2480"]
[BlackElo "2332"]

1. c4 Nf6 2. Nc3 e6 3. e4 c5 4. e5 Ng8 5.
d4 cxd4 6. Qxd4 Nc6 7. Qf4 Nh6 8. Nf3 d6 9. h4 Nf5 10. g4 dxe5 11. Nxe5 Nxe5 12. Qxe5 Bd6 13. Qe4 Ne7 14. Be3 Bd7 15.
Qd4 Bc6 16. Rh3 O-O 17. O-O-O Bb4 18. a3 Qxd4 19. Bxd4 Bd6 20. Kb1 Bf4 21. Bc5 Rfe8 22. Rhd3 a6 23. Be2 Rac8 24. Bb6 Bc7 25.
Bxc7 Rxc7 26. Rd8 Kf8 27. b4 Ng6 28.
h5 Nf4 29. Bf1 Bf3 30. R1d4 Rxd8 31. Rxd8+ Ke7 32. Rg8 Bxg4 33. Rxg7 Bxh5 34. Rg8 Bg6+ 35. Kb2 Bd3 36. Bxd3 Nxd3+ 37. Kb3 Nc1+ 38. Kb2 Rxc4 39.
Rg3 Rxc3 40. Rxc3 Ne2 41. Rc7+ Kf6 42. Rxb7 h5 43.
Rb8 Kg7 44. Rd8 h4 45. Rd1 h3 46.
a4 Nf4 47. Kc3 Kf6 48. Kc4 Kf5 49. Rg1 Ke4 50. b5 axb5+ 51. axb5 Nd3 52. b6 Ne5+ 53. Kb5 Kf3 54. Rg3+ Kxf2 55. Rxh3 f5 56. b7 Nd7 57. Rh7 Nb8 58. Rh8 Nd7 59. Rd8 1-0

[Event "Rapid Tournament (RAP)"]
[Site "Biel, Switzerland"]
[Date "2026.07.12"]
[Round "7.7"]
[White "Cao, Qingfeng"]
[Black "Sasikiran, Krishnan"]
[Result "1-0"]
[TimeControl "15 + 5"]
[WhiteTitle "-"]
[BlackTitle "-"]
[WhiteFideId "8627568"]
[BlackFideId "5004985"]
[WhiteElo "2265"]
[BlackElo "2520"]

1. d4 Nf6 2. c4 e6 3. Nf3 b6 4. g3 Ba6 5. Nbd2 Bb7 6. Bg2 Be7 7. O-O O-O 8. Qc2 d5 9. cxd5 exd5 10.
Ne5 c5 11. Ndf3 Nbd7 12. Bf4 Nxe5 13. Nxe5 Re8 14. Rfd1 Bd6 15. e3 Rc8 16. Qf5 g6 17. Qd3 Nh5 18. h4 Nxf4 19. exf4 c4 20.
Qc2 Rc7 21. Re1 b5 22. h5 Rce7 23. hxg6 hxg6 24. Re3 Qb6 25. Nd7 Qxd4 26. Rd1 Qh8 27. Bxd5 Bxd5 28. Rxd5 Rxe3 29. fxe3 Rxe3 30. Qf2 Rd3 31. Rxd3 cxd3 32.
Kg2 g5 33. fxg5 Be7 34. Nf6+ Bxf6 35. gxf6 Qh5 36. Qf3 Qg5 37. Qa8+ Kh7 38. Qe4+ Qg6 39. Qd4 Qf5 40. g4 Qg6 41. Kg3 a6 42. a3 Kh6 43. Qd8 Kg5 44.
Qh8 Qxf6 45. Qh5# 1-0

[Event "Rapid Tournament (RAP)"]
[Site "Biel, Switzerland"]
[Date "2026.07.12"]
[Round "7.8"]
[White "Acs, Peter"]
[Black "Gautier, Anand"]
[Result "1-0"]
[TimeControl "15 + 5"]
[WhiteTitle "-"]
[BlackTitle "-"]
[WhiteFideId "708020"]
[BlackFideId "26010186"]
[WhiteElo "2474"]
[BlackElo "2223"]

1. e4 c5 2. Nf3 d6 3.
c3 Nf6 4. Bd3 Nc6 5. Bc2 Bg4 6. h3 Bh5 7. d4 Bxf3 8. gxf3 cxd4 9. cxd4 e5 10. Ba4 exd4 11. Qxd4 Be7 12. Nc3 O-O 13.
Bxc6 bxc6 14. Rg1 Kh8 15. Bg5 Qb6 16. O-O-O Rab8 17. Qxb6 axb6 18. Ne2 Rbd8 19. Nd4 Ng8 20. Be3 g6 21.
Kb1 Rc8 22. Rd3 Rfd8 23. Rgd1 d5 24. Ne2 dxe4 25. fxe4 c5 26. Nc3 Rxd3 27. Rxd3 Bf8 28. Rd7 Kg7 29. e5 Rc6 30. Nd5 Re6 31.
Bd2 Ne7 32. Nc7 Rc6 33. Ne8+ Kg8 34.
Bc3 Nf5 35. Rd8 Re6 36. Nc7 Rc6 37. Nd5 Re6 38. a4 Nd4 39. f4 Ne2 40. Bd2 Kg7 41. Rb8 c4 42. Nxb6 c3 43. bxc3 Bc5 44. Nd5 Ra6 45. Nf6 Rxa4 46.
f5 Nf4 47. Rg8+ Kh6 48. h4 gxf5 49.
Nd5 Kh5 50. Nxf4+ Kxh4 51. Be1+ 1-0

[Event "Rapid Tournament (RAP)"]
[Site "Biel, Switzerland"]
[Date "2026.07.12"]
[Round "7.9"]
[White "Maier, Christian"]
[Black "Haimovich, Tal"]
[Result "1-0"]
[TimeControl "15 + 5"]
[WhiteTitle "-"]
[BlackTitle "-"]
[WhiteFideId "4601955"]
[BlackFideId "2801698"]
[WhiteElo "2314"]
[BlackElo "2245"]

1. e4 e5 2. Nf3 Nc6 3.
Bb5 a6 4. Ba4 d6 5. Nc3 Bd7 6. O-O g6 7. d4 b5 8.
Bb3 Bg7 9. dxe5 dxe5 10. Qd5 Qe7 11. Bg5 f6 12. Be3 Nh6 13. Rad1 O-O-O 14. Qd2 Ng4 15. Nd5 Qf8 16. a4 Nxe3 17.
Qxe3 Kb7 18. Ra1 b4 19. Rfd1 Na5 20. Nd2 Bh6 21. Qe2 Bxd2 22. Rxd2 Nxb3 23. cxb3 Be6 24. Rad1 c6 25. Nxb4 Ra8 26.
Rd6 Qf7 27. Nxc6 Kc7 28. Qd2 Rac8 29. Qa5+ Kb7 30. Nd8+ 1-0

[Event "Rapid Tournament (RAP)"]
[Site "Biel, Switzerland"]
[Date "2026.07.12"]
[Round "7.10"]
[White "Filipovic, Branko"]
[Black "Kukushkin, Ivan"]
[Result "1-0"]
[TimeControl "15 + 5"]
[WhiteTitle "-"]
[BlackTitle "-"]
[WhiteFideId "14507951"]
[BlackFideId "11634103"]
[WhiteElo "2279"]
[BlackElo "2186"]

1. d4 d5 2. Bf4 Nf6 3. Nf3 Bf5 4. c4 e6 5. Qb3 Qc8 6. Nc3 c6 7. cxd5 exd5 8. Rc1 Na6 9. e3 Nc7 10.
h3 Be7 11. Be2 Ne4 12. O-O O-O 13. Bxc7 Nxc3 14. Rxc3 Qxc7 15. Qxd5 Be6 16. Qe4 Bxa2 17. b3 Bb4 18. Rc4 Qa5 19.
Ra1 Bc3 20. Rxc3 Qxc3 21. Rxa2 Qxb3 22. Rc2 a5 23. Ng5 g6 24. Bc4 Qb1+ 25. Kh2 a4 26. Qe7 Rae8 27. Bxf7+ Kg7 28. Bxe8+ 1-0